Canadiens vs Jets
(R1)
Created - June 11, 2023 at 21:19
Goals
|
| Canadiens |
0 |
1 |
0 |
1 |
2 |
| Jets |
0 |
1 |
0 |
0 |
1 |
|
Shots
|
| Canadiens |
5 |
9 |
10 |
3 |
27 |
| Jets |
3 |
17 |
10 |
0 |
30 |
|
1st period
No Goal
Penalties :
Tyler Toffoli (Win) for Slashing (Double Minor) at 8:00
2nd period
1. Canadiens , Jean-Gabriel Pageau 3 (Greg Stewart 3, Rickard Rakell 2) at 5:15 (PP)
2. Jets , Anthony Mantha 2 (Alexander Wennberg 1) at 9:32
Penalties :
Ryan Johansen (Win) for High sticking (Minor) at 0:21, Troy Stetcher (Win) for Slashing (Minor) at 4:36, Rickard Rakell (Mon) for Holding (Minor) at 6:58, Viktor Arvidsson (Win) for Slashing (Minor) at 10:56, Max Domi (Win) for Holding (Minor) at 17:36
3rd period
No Goal
Penalties :
Nikita Kucherov (Mon) for Holding (Minor) at 0:22, Rickard Rakell (Mon) for Tripping (Minor) at 8:24, Max Domi (Win) for Hooking (Minor) at 10:50, Marco Scandella (Win) for Holding Stick (Minor) at 18:53
Overtime #1
3. Canadiens , Adam Fox 1 (Nikita Kucherov 1, Chris Kreider 4) at 1:18 (PP)
Penalties :
Marco Scandella (Win) for High sticking (Minor) at 1:11
Goalie Stats
Robin Lehner (Mon), 29 saves from 30 shots - (0.967), W, 4-1-0, 61:18 minutes
Jacob Markstrom (Win), 25 saves from 27 shots - (0.926), OTL, 1-2-2, 61:18 minutes
Players Stats for Canadiens
Player Name G A P +/- PIM S H SB GA TA FO MP PP MP PK MP
------------------------------------------------------------------------------------
Adam Fox 1 0 1 0 0 1 0 2 0 0 0/0 20:07 7:51 0:00
Brandon Bollig 0 0 0 0 0 0 1 0 0 0 0/0 9:59 0:19 2:23
Brian Dumoulin 0 0 0 -1 0 0 1 2 0 1 0/0 12:52 2:08 0:37
Cam Fowler 0 0 0 0 0 4 0 1 1 0 0/0 26:59 5:19 3:19
Chris Kreider 0 1 1 -1 0 0 2 1 0 0 0/0 21:30 7:35 0:27
Corban Knight 0 0 0 0 0 0 4 0 0 0 2/4 9:59 0:19 2:23
Greg Stewart 0 1 1 0 0 1 1 1 0 0 0/0 17:19 6:12 0:00
Jean-Gabriel Pageau 1 0 1 0 0 1 2 0 0 0 8/18 17:47 6:12 0:27
Jordan Szwarz 0 0 0 0 0 3 3 0 0 2 0/1 9:29 0:58 0:00
Kevin Shattenkirk 0 0 0 0 0 5 1 2 0 0 0/0 26:15 7:16 2:07
Mark Stuart 0 0 0 0 0 1 2 4 0 1 0/0 23:16 6:11 3:50
Mattias Tedenby 0 0 0 0 0 2 0 0 1 0 0/0 7:34 0:10 0:00
Mika Zibanejad 0 0 0 -1 0 1 2 0 0 0 10/29 21:02 7:35 0:00
Mike Richards 0 0 0 0 0 0 2 0 1 0 3/9 12:30 0:33 3:07
Nikita Kucherov 0 1 1 -1 2 2 3 0 0 1 0/1 21:02 7:31 0:00
Rickard Rakell 0 1 1 0 4 3 3 0 0 0 0/1 17:13 6:00 0:00
Scott Hartnell 0 0 0 0 0 1 0 0 0 0 1/2 12:30 0:33 3:07
Sean Zimmerman 0 0 0 -1 0 2 1 0 0 0 0/0 13:07 0:33 2:01
Players Stats for Jets
Player Name G A P +/- PIM S H SB GA TA FO MP PP MP PK MP
------------------------------------------------------------------------------------
Adam Larsson 0 0 0 1 0 1 1 3 0 0 0/0 17:20 0:00 4:59
Alex Galchenyuk 0 0 0 0 0 7 1 0 1 0 0/0 15:18 3:21 1:56
Alexander Wennberg 0 1 1 1 0 0 3 0 0 0 7/11 10:34 0:34 0:51
Anthony Mantha 1 0 1 1 0 1 2 0 0 0 0/0 17:47 0:00 8:19
Brent Burns 0 0 0 0 0 2 0 1 0 0 0/0 18:46 2:36 3:11
Dougie Hamilton 0 0 0 0 0 1 0 0 0 0 0/0 24:50 3:21 5:36
Frank Vatrano 0 0 0 0 0 2 1 1 0 0 0/0 11:02 0:00 4:24
Kyle Connor 0 0 0 1 0 0 0 2 0 1 0/0 9:08 0:00 0:00
Marco Scandella 0 0 0 1 4 1 2 0 0 1 0/0 17:57 0:00 6:18
Max Domi 0 0 0 0 4 4 1 0 0 0 0/1 17:23 2:36 0:00
Noel Acciari 0 0 0 0 0 0 4 0 1 0 5/7 11:02 0:00 4:24
Ryan Johansen 0 0 0 0 2 2 2 2 0 0 14/21 18:50 2:50 1:05
Ryan Murray 0 0 0 0 0 2 1 2 0 1 0/0 26:16 2:12 8:35
Sam Reinhart 0 0 0 0 0 1 0 0 0 0 0/0 6:38 0:00 0:00
Troy Stetcher 0 0 0 0 2 2 0 1 0 0 0/0 17:25 3:45 0:39
Tyler Seguin 0 0 0 0 0 1 3 3 0 0 15/24 20:55 2:36 8:19
Tyler Toffoli 0 0 0 0 4 1 1 0 1 0 0/0 13:03 3:18 0:00
Viktor Arvidsson 0 0 0 0 2 2 3 0 2 0 0/1 17:29 2:36 0:00
3 Stars
1 - Robin Lehner (Mon)
2 - Anthony Mantha (Win)
3 - Jean-Gabriel Pageau (Mon)
Power Play
Canadiens - 2 on 9 Attempt(s) - 22.22%
Jets - 0 on 3 Attempt(s) - 0.00%
Penalty Kill
Canadiens - 3 on 3 Attempt(s) - 100.00%
- Score 0 goal in Penalty Kill
Jets - 7 on 9 Attempt(s) - 77.78%
- Score 0 goal in Penalty Kill
Team Stat
Canadiens - Hits : 28 - Faceoff Wins : 24 - Blocked Shots : 13 - Penalty Minutes : 6
Jets - Hits : 25 - Faceoff Wins : 41 - Blocked Shots : 15 - Penalty Minutes : 18
Official
Referees : Chris Schlenker and Jean Hebert
Linesman : Travis Toomey and Travis Gawryletz
Game Notes
No Game Note
Finance
Level 1 -- Attendance: 6000 (100.00%) -- Ticket Income $600,000
Level 2 -- Attendance: 5000 (100.00%) -- Ticket Income $300,000
Level 3 -- Attendance: 2000 (100.00%) -- Ticket Income $70,000
Level 4 -- Attendance: 4000 (100.00%) -- Ticket Income $100,000
Luxury Box -- Attendance: 1000 (100.00%) -- Ticket Income $200,000
Game was played at the Bell MTS Place.
Total Attendance: 18000 (100.00%)
Total Ticket Income: $1,270,000
Other Income: $190,500
Total Income: $1,460,500
Canadiens
5 vs 5 Forward
Center Left Wing Right Wing Time % Phy DF OF
1 Mika Zibanejad Chris Kreider Nikita Kucherov 35 0 2 3
2 Jean-Gabriel Pageau Greg Stewart Rickard Rakell 35 0 2 3
3 Mike Richards Scott Hartnell Jordan Szwarz 20 0 2 3
4 Corban Knight Brandon Bollig Mattias Tedenby 10 0 2 3
5 vs 5 Defense
Defense Defense Time % Phy DF OF
1 Kevin Shattenkirk Cam Fowler 40 0 3 2
2 Mark Stuart Adam Fox 30 0 3 2
3 Brian Dumoulin Sean Zimmerman 20 0 3 2
4 Cam Fowler Kevin Shattenkirk 10 0 3 2
PowerPlay Forward
Center Left Wing Right Wing Time % Phy DF OF
1 Mika Zibanejad Chris Kreider Nikita Kucherov 60 0 2 3
2 Jean-Gabriel Pageau Greg Stewart Rickard Rakell 40 0 2 3
PowerPlay Defense
Defense Defense Time % Phy DF OF
1 Kevin Shattenkirk Adam Fox 60 0 2 3
2 Cam Fowler Mark Stuart 40 0 2 3
Penalty Kill 4 Players Forward
Center Wing Time % Phy DF OF
1 Mike Richards Scott Hartnell 60 0 4 1
2 Corban Knight Brandon Bollig 40 0 4 1
Penalty Kill 4 Players Defense
Defense Defense Time % Phy DF OF
1 Cam Fowler Mark Stuart 60 0 5 0
2 Sean Zimmerman Kevin Shattenkirk 40 0 5 0
Penalty Kill - 3 Players Forward
Forward Time % Phy DF OF
1 Jean-Gabriel Pageau 60 0 5 0
2 Mika Zibanejad 40 0 5 0
Penalty Kill - 3 Players Defense
Defense Defense Time % Phy DF OF
1 Cam Fowler Mark Stuart 60 0 5 0
2 Sean Zimmerman Kevin Shattenkirk 40 0 5 0
4 vs 4 Forward
Center Wing Time % Phy DF OF
1 Jean-Gabriel Pageau Chris Kreider 60 0 2 3
2 Mika Zibanejad Nikita Kucherov 40 0 2 3
4 vs 4 Defense
Defense Defense Time % Phy DF OF
1 Adam Fox Brian Dumoulin 60 0 2 3
2 Cam Fowler Mark Stuart 40 1 2 2
Last Minutes Offensive
Center Left Wing Right Wing Defense Defense
Mika Zibanejad Chris Kreider Nikita Kucherov Kevin Shattenkirk Cam Fowler
Last Minutes Defensive
Center Left Wing Right Wing Defense Defense
Jean-Gabriel Pageau Scott Hartnell Jordan Szwarz Mark Stuart Cam Fowler
Goaltenders
Starting : Robin Lehner
Backup : Allen York
Extra Forwards
Normal : Chris Kreider, Mika Zibanejad, Jean-Gabriel Pageau - PP : Chris Kreider, Mika Zibanejad - PK : Scott Hartnell
Extra Defensemen
Normal : Kevin Shattenkirk, Cam Fowler, Mark Stuart - PP : Kevin Shattenkirk - PK : Cam Fowler, Mark Stuart
Penalty Shots
Chris Kreider, Jean-Gabriel Pageau, Mika Zibanejad, Nikita Kucherov, Rickard Rakell
Scratches
Philip Larsen (Healthy)
Jets
5 vs 5 Forward
Center Left Wing Right Wing Time % Phy DF OF
1 Ryan Johansen Max Domi Viktor Arvidsson 40 1 2 2
2 Tyler Seguin Alex Galchenyuk Tyler Toffoli 30 1 2 2
3 Alexander Wennberg Kyle Connor Anthony Mantha 20 0 2 3
4 Noel Acciari Frank Vatrano Sam Reinhart 10 1 2 2
5 vs 5 Defense
Defense Defense Time % Phy DF OF
1 Ryan Murray Dougie Hamilton 38 1 2 2
2 Adam Larsson Marco Scandella 31 1 2 2
3 Brent Burns Troy Stetcher 31 1 2 2
4 Ryan Murray Adam Larsson 0 1 2 2
PowerPlay Forward
Center Left Wing Right Wing Time % Phy DF OF
1 Ryan Johansen Alex Galchenyuk Tyler Toffoli 55 1 0 4
2 Tyler Seguin Max Domi Viktor Arvidsson 45 1 0 4
PowerPlay Defense
Defense Defense Time % Phy DF OF
1 Troy Stetcher Dougie Hamilton 60 0 1 4
2 Brent Burns Ryan Murray 40 0 1 4
Penalty Kill 4 Players Forward
Center Wing Time % Phy DF OF
1 Tyler Seguin Anthony Mantha 60 1 2 2
2 Noel Acciari Frank Vatrano 40 1 2 2
Penalty Kill 4 Players Defense
Defense Defense Time % Phy DF OF
1 Ryan Murray Marco Scandella 60 1 3 1
2 Dougie Hamilton Adam Larsson 40 1 3 1
Penalty Kill - 3 Players Forward
Forward Time % Phy DF OF
1 Ryan Johansen 60 0 4 1
2 Tyler Seguin 40 0 4 1
Penalty Kill - 3 Players Defense
Defense Defense Time % Phy DF OF
1 Ryan Murray Marco Scandella 60 1 4 0
2 Adam Larsson Dougie Hamilton 40 1 4 0
4 vs 4 Forward
Center Wing Time % Phy DF OF
1 Ryan Johansen Alex Galchenyuk 60 1 2 2
2 Tyler Seguin Viktor Arvidsson 40 1 2 2
4 vs 4 Defense
Defense Defense Time % Phy DF OF
1 Adam Larsson Marco Scandella 60 1 2 2
2 Dougie Hamilton Ryan Murray 40 1 2 2
Last Minutes Offensive
Center Left Wing Right Wing Defense Defense
Ryan Johansen Alex Galchenyuk Tyler Toffoli Dougie Hamilton Marco Scandella
Last Minutes Defensive
Center Left Wing Right Wing Defense Defense
Ryan Johansen Frank Vatrano Tyler Toffoli Ryan Murray Marco Scandella
Goaltenders
Starting : Jacob Markstrom
Backup : Elvis Merzlikins
Extra Forwards
Normal : Anthony Mantha, Max Domi, Sam Reinhart - PP : Alexander Wennberg, Anthony Mantha - PK : Ryan Johansen
Extra Defensemen
Normal : Dougie Hamilton, Adam Larsson, Marco Scandella - PP : Brent Burns - PK : Brent Burns, Marco Scandella
Penalty Shots
Anthony Mantha, Alex Galchenyuk, Ryan Johansen, Tyler Seguin, Alexander Wennberg
Scratches
Dylan Strome (Healthy), Jussi Jokinen (Healthy), Mirco Mueller (Healthy)
% Time on Ice - Canadiens
Lines # - Real PCT - Wanted PCT - Time Play
Normal Forward
1 - 34% - 35% - 13:40
2 - 27% - 35% - 11:07
3 - 21% - 20% - 8:38
4 - 18% - 10% - 7:17
Normal Defense
1 - 40% - 40% - 16:21
2 - 32% - 30% - 13:04
3 - 24% - 20% - 9:47
4 - 4% - 10% - 1:30
PP Forward
1 - 58% - 60% - 8:27
2 - 42% - 40% - 6:12
PP Defense
1 - 61% - 60% - 9:00
2 - 39% - 40% - 5:39
PK Forward
1 - 80% - 60% - 4:46
2 - 20% - 40% - 1:11
PK Defense
1 - 66% - 60% - 3:56
2 - 34% - 40% - 2:01
PK3 Forward
1 - 0% - 60%
2 - 0% - 40%
PK3 Defense
1 - 0% - 60%
2 - 0% - 40%
44 Forward
1 - 0% - 60%
2 - 0% - 40%
44 Defense
1 - 0% - 60%
2 - 0% - 40%
Last Minute Offensive - 0:00
Last Minute Defensive - 0:00
Total
Forward - 61:18
Defense - 61:18
|
% Time on Ice - Jets
Lines # - Real PCT - Wanted PCT - Time Play
Normal Forward
1 - 38% - 40% - 15:16
2 - 24% - 30% - 9:40
3 - 22% - 20% - 9:08
4 - 16% - 10% - 6:38
Normal Defense
1 - 39% - 38% - 15:50
2 - 30% - 31% - 12:12
3 - 31% - 31% - 12:40
4 - 0% - 0% - 0:00
PP Forward
1 - 56% - 55% - 3:21
2 - 44% - 45% - 2:36
PP Defense
1 - 63% - 60% - 3:45
2 - 37% - 40% - 2:12
PK Forward
1 - 70% - 60% - 10:15
2 - 30% - 40% - 4:24
PK Defense
1 - 67% - 60% - 9:45
2 - 33% - 40% - 4:54
PK3 Forward
1 - 0% - 60%
2 - 0% - 40%
PK3 Defense
1 - 0% - 60%
2 - 0% - 40%
44 Forward
1 - 0% - 60%
2 - 0% - 40%
44 Defense
1 - 0% - 60%
2 - 0% - 40%
Last Minute Offensive - 0:00
Last Minute Defensive - 0:00
Total
Forward - 61:18
Defense - 61:18
|
Play-by-Play
1st period
0:01 of 1st period - Mika Zibanejad wins face-off versus Ryan Johansen in neutral zone.
0:47 of 1st period - Snap shot by Anthony Mantha.
0:47 of 1st period - Shot Misses the Net.
1:13 of 1st period - Off-side.
1:14 of 1st period - Jean-Gabriel Pageau wins face-off versus Max Domi in neutral zone.
1:41 of 1st period - Brent Burns is hit by Nikita Kucherov and loses puck.
2:02 of 1st period - Slapshot by Kevin Shattenkirk.
2:02 of 1st period - Stopped by Jacob Markstrom with a rebound.
2:04 of 1st period - Slapshot by Jordan Szwarz.
2:04 of 1st period - Stopped by Jacob Markstrom with a rebound.
2:06 of 1st period - Slapshot by Kevin Shattenkirk.
2:06 of 1st period - Shot Blocked by Kyle Connor.
2:08 of 1st period - Slapshot by Scott Hartnell.
2:08 of 1st period - Shot Misses the Net.
2:10 of 1st period - Slapshot by Scott Hartnell.
2:10 of 1st period - Shot Misses the Net.
2:45 of 1st period - Greg Stewart is hit by Adam Larsson and loses puck.
2:56 of 1st period - Adam Larsson is hit by Rickard Rakell.
2:57 of 1st period - Icing by Adam Larsson.
2:58 of 1st period - Ryan Johansen wins face-off versus Mika Zibanejad in Jets zone.
2:58 of 1st period - Ryan Johansen is hit by Mika Zibanejad.
4:02 of 1st period - Wrist shot by Jordan Szwarz.
4:02 of 1st period - Shot Misses the Net.
4:04 of 1st period - Snap shot by Scott Hartnell.
4:04 of 1st period - Stopped by Jacob Markstrom without a rebound.
4:05 of 1st period - Mika Zibanejad wins face-off versus Ryan Johansen in Jets zone.
4:08 of 1st period - Snap shot by Mika Zibanejad.
4:08 of 1st period - Shot Misses the Net.
4:32 of 1st period - Alex Galchenyuk is hit by Mike Richards and loses puck.
4:41 of 1st period - Snap shot by Mike Richards.
4:41 of 1st period - Shot Misses the Net.
4:43 of 1st period - Slapshot by Brian Dumoulin.
4:43 of 1st period - Shot Misses the Net.
4:59 of 1st period - Dougie Hamilton is hit by Rickard Rakell and loses puck.
5:25 of 1st period - Frank Vatrano is hit by Chris Kreider and loses puck.
5:43 of 1st period - Off-side.
5:44 of 1st period - Corban Knight wins face-off versus Ryan Johansen in neutral zone.
6:30 of 1st period - Wrist shot by Brandon Bollig.
6:30 of 1st period - Shot Misses the Net.
6:32 of 1st period - Wrist shot by Brandon Bollig.
6:32 of 1st period - Shot Blocked by Adam Larsson.
7:07 of 1st period - Snap shot by Corban Knight.
7:07 of 1st period - Shot Blocked by Adam Larsson.
7:17 of 1st period - Snap shot by Kevin Shattenkirk.
7:17 of 1st period - Shot Blocked by Ryan Johansen.
7:31 of 1st period - Wrist shot by Mattias Tedenby.
7:31 of 1st period - Stopped by Jacob Markstrom with a rebound.
7:57 of 1st period - Slapshot by Mattias Tedenby.
7:57 of 1st period - Stopped by Jacob Markstrom without a rebound.
7:58 of 1st period - Tyler Seguin wins face-off versus Jean-Gabriel Pageau in Jets zone.
8:00 of 1st period - Double Minor Penalty to Tyler Toffoli for Slashing.
8:01 of 1st period - Mika Zibanejad wins face-off versus Tyler Seguin in Jets zone.
8:31 of 1st period - Ryan Murray is hit by Jean-Gabriel Pageau and loses puck.
10:23 of 1st period - Marco Scandella is hit by Jordan Szwarz and loses puck.
10:56 of 1st period - Rickard Rakell is hit by Ryan Murray and loses puck.
12:00 of 1st period - Penalty to Tyler Toffoli is over, Tyler Toffoli is back on ice.
13:17 of 1st period - Adam Fox is hit by Marco Scandella and loses puck.
13:55 of 1st period - Corban Knight is hit by Alex Galchenyuk and loses puck.
14:11 of 1st period - Mark Stuart is hit by Noel Acciari.
14:20 of 1st period - Icing by Alexander Wennberg.
14:21 of 1st period - Alexander Wennberg wins face-off versus Jean-Gabriel Pageau in Jets zone.
14:30 of 1st period - Snap shot by Dougie Hamilton.
14:30 of 1st period - Shot Misses the Net.
14:32 of 1st period - Slapshot by Ryan Murray.
14:32 of 1st period - Shot Misses the Net.
14:58 of 1st period - Mike Richards is hit by Tyler Seguin and loses puck.
15:36 of 1st period - Frank Vatrano is hit by Corban Knight and loses puck.
16:19 of 1st period - Icing by Mika Zibanejad.
16:20 of 1st period - Alexander Wennberg wins face-off versus Mika Zibanejad in Canadiens zone.
16:47 of 1st period - Nikita Kucherov is hit by Marco Scandella and loses puck.
16:55 of 1st period - Icing by Chris Kreider.
16:56 of 1st period - Mika Zibanejad wins face-off versus Tyler Seguin in Canadiens zone.
16:56 of 1st period - Mika Zibanejad is hit by Tyler Toffoli.
17:12 of 1st period - Snap shot by Alex Galchenyuk.
17:12 of 1st period - Stopped by Robin Lehner with a rebound.
17:24 of 1st period - Wrist shot by Mika Zibanejad.
17:24 of 1st period - Deflect By Greg Stewart.
17:24 of 1st period - Shot Hit the Post.
17:24 of 1st period - Puck is out of play.
17:25 of 1st period - Jean-Gabriel Pageau wins face-off versus Ryan Johansen in Jets zone.
17:58 of 1st period - Snap shot by Tyler Seguin.
17:58 of 1st period - Stopped by Robin Lehner with a rebound.
18:13 of 1st period - Troy Stetcher is hit by Corban Knight and loses puck.
18:20 of 1st period - Alexander Wennberg is hit by Mark Stuart and loses puck.
18:54 of 1st period - Wrist shot by Mika Zibanejad.
18:54 of 1st period - Shot Hit the Post.
19:29 of 1st period - Wrist shot by Noel Acciari.
19:29 of 1st period - Deflect By Sam Reinhart.
19:29 of 1st period - Stopped by Robin Lehner with a rebound.
19:31 of 1st period - Slapshot by Marco Scandella.
19:31 of 1st period - Deflect By Noel Acciari.
19:31 of 1st period - Shot Misses the Net.
19:31 of 1st period - Puck is out of play.
19:32 of 1st period - Noel Acciari wins face-off versus Jean-Gabriel Pageau in Canadiens zone.
19:35 of 1st period - Snap shot by Noel Acciari.
19:35 of 1st period - Shot Misses the Net.
19:57 of 1st period - Jean-Gabriel Pageau is hit by Viktor Arvidsson and loses puck.
Goals for this period are 0 for Canadiens vs 0 for Jets.
Shots for this period are 5 for Canadiens vs 3 for Jets.
2nd period
0:01 of 2nd period - Mika Zibanejad wins face-off versus Tyler Seguin in neutral zone.
0:12 of 2nd period - Wrist shot by Mika Zibanejad.
0:12 of 2nd period - Shot Blocked by Tyler Seguin.
0:14 of 2nd period - Slapshot by Cam Fowler.
0:14 of 2nd period - Deflect By Tyler Seguin.
0:14 of 2nd period - Stopped by Jacob Markstrom without a rebound.
0:15 of 2nd period - Jean-Gabriel Pageau wins face-off versus Viktor Arvidsson in Jets zone.
0:21 of 2nd period - Minor Penalty to Ryan Johansen for High sticking.
0:22 of 2nd period - Tyler Seguin wins face-off versus Mika Zibanejad in Jets zone.
0:22 of 2nd period - Tyler Seguin is hit by Nikita Kucherov.
0:34 of 2nd period - Snap shot by Nikita Kucherov.
0:34 of 2nd period - Shot Misses the Net.
0:56 of 2nd period - Wrist shot by Nikita Kucherov.
0:56 of 2nd period - Shot Misses the Net.
1:04 of 2nd period - Slapshot by Nikita Kucherov.
1:04 of 2nd period - Stopped by Jacob Markstrom without a rebound.
1:05 of 2nd period - Tyler Seguin wins face-off versus Jean-Gabriel Pageau in Jets zone.
1:16 of 2nd period - Snap shot by Cam Fowler.
1:16 of 2nd period - Stopped by Jacob Markstrom with a rebound.
1:18 of 2nd period - Snap shot by Jean-Gabriel Pageau.
1:18 of 2nd period - Shot Blocked by Tyler Seguin.
1:32 of 2nd period - Nikita Kucherov is hit by Noel Acciari and loses puck.
2:21 of 2nd period - Penalty to Ryan Johansen is over, Ryan Johansen is back on ice.
2:26 of 2nd period - Icing by Kevin Shattenkirk.
2:27 of 2nd period - Mike Richards wins face-off versus Ryan Johansen in Canadiens zone.
2:32 of 2nd period - Viktor Arvidsson is hit by Jordan Szwarz and loses puck.
2:41 of 2nd period - Snap shot by Adam Fox.
2:41 of 2nd period - Shot Blocked by Troy Stetcher.
2:43 of 2nd period - Snap shot by Jordan Szwarz.
2:43 of 2nd period - Stopped by Jacob Markstrom with a rebound.
2:53 of 2nd period - Brian Dumoulin is hit by Frank Vatrano and loses puck.
3:20 of 2nd period - Alex Galchenyuk is hit by Chris Kreider and loses puck.
3:43 of 2nd period - Snap shot by Rickard Rakell.
3:43 of 2nd period - Shot Blocked by Kyle Connor.
3:45 of 2nd period - Slapshot by Sean Zimmerman.
3:45 of 2nd period - Shot Misses the Net.
4:03 of 2nd period - Ryan Johansen is hit by Jordan Szwarz and loses puck.
4:21 of 2nd period - Off-side.
4:22 of 2nd period - Jean-Gabriel Pageau wins face-off versus Noel Acciari in neutral zone.
4:31 of 2nd period - Slapshot by Greg Stewart.
4:31 of 2nd period - Shot Blocked by Adam Larsson.
4:33 of 2nd period - Snap shot by Rickard Rakell.
4:33 of 2nd period - Stopped by Jacob Markstrom without a rebound.
4:34 of 2nd period - Tyler Seguin wins face-off versus Mika Zibanejad in Jets zone.
4:36 of 2nd period - Minor Penalty to Troy Stetcher for Slashing.
4:37 of 2nd period - Tyler Seguin wins face-off versus Mika Zibanejad in Jets zone.
5:15 of 2nd period - Backhand shot by Jean-Gabriel Pageau.
5:15 of 2nd period - Goal by Jean-Gabriel Pageau - Canadiens : 1 - Jets : 0.
5:16 of 2nd period - Ryan Johansen wins face-off versus Mika Zibanejad in neutral zone.
5:18 of 2nd period - Off-side.
5:19 of 2nd period - Ryan Johansen wins face-off versus Mika Zibanejad in neutral zone.
5:36 of 2nd period - Wrist shot by Mika Zibanejad.
5:36 of 2nd period - Shot Hit the Post.
6:10 of 2nd period - Snap shot by Mark Stuart.
6:10 of 2nd period - Stopped by Jacob Markstrom without a rebound.
6:11 of 2nd period - Alexander Wennberg wins face-off versus Jordan Szwarz in Jets zone.
6:34 of 2nd period - Snap shot by Alexander Wennberg.
6:34 of 2nd period - Shot Blocked by Kevin Shattenkirk.
6:36 of 2nd period - Wrist shot by Alexander Wennberg.
6:36 of 2nd period - Shot Misses the Net.
6:38 of 2nd period - Slapshot by Adam Larsson.
6:38 of 2nd period - Stopped by Robin Lehner without a rebound.
6:39 of 2nd period - Ryan Johansen wins face-off versus Jean-Gabriel Pageau in Canadiens zone.
6:56 of 2nd period - Snap shot by Viktor Arvidsson.
6:56 of 2nd period - Stopped by Robin Lehner with a rebound.
6:58 of 2nd period - Minor Penalty to Rickard Rakell for Holding.
6:59 of 2nd period - Ryan Johansen wins face-off versus Mike Richards in Canadiens zone.
7:06 of 2nd period - Slapshot by Tyler Toffoli.
7:06 of 2nd period - Deflect By Alex Galchenyuk.
7:06 of 2nd period - Stopped by Robin Lehner with a rebound.
7:08 of 2nd period - Wrist shot by Troy Stetcher.
7:08 of 2nd period - Shot Blocked by Cam Fowler.
7:10 of 2nd period - Wrist shot by Ryan Johansen.
7:10 of 2nd period - Shot Misses the Net.
7:12 of 2nd period - Slapshot by Troy Stetcher.
7:12 of 2nd period - Shot Misses the Net.
7:14 of 2nd period - Wrist shot by Tyler Toffoli.
7:14 of 2nd period - Shot Misses the Net.
7:16 of 2nd period - Slapshot by Alex Galchenyuk.
7:16 of 2nd period - Stopped by Robin Lehner with a rebound.
7:32 of 2nd period - Backhand shot by Dougie Hamilton.
7:32 of 2nd period - Stopped by Robin Lehner with a rebound.
7:34 of 2nd period - Slapshot by Brent Burns.
7:34 of 2nd period - Deflect By Cam Fowler.
7:34 of 2nd period - Stopped by Robin Lehner with a rebound.
7:36 of 2nd period - Wrist shot by Viktor Arvidsson.
7:36 of 2nd period - Shot Misses the Net.
8:40 of 2nd period - Slapshot by Sean Zimmerman.
8:40 of 2nd period - Stopped by Jacob Markstrom with a rebound.
8:58 of 2nd period - Penalty to Rickard Rakell is over, Rickard Rakell is back on ice.
9:30 of 2nd period - Slapshot by Frank Vatrano.
9:30 of 2nd period - Stopped by Robin Lehner without a rebound.
9:31 of 2nd period - Alexander Wennberg wins face-off versus Mika Zibanejad in Canadiens zone.
9:32 of 2nd period - Wrist shot by Anthony Mantha.
9:32 of 2nd period - Goal by Anthony Mantha - Canadiens : 1 - Jets : 1.
9:33 of 2nd period - Tyler Seguin wins face-off versus Mika Zibanejad in neutral zone.
9:42 of 2nd period - Snap shot by Alex Galchenyuk.
9:42 of 2nd period - Stopped by Robin Lehner without a rebound.
9:43 of 2nd period - Mika Zibanejad wins face-off versus Tyler Seguin in Canadiens zone.
9:52 of 2nd period - Alex Galchenyuk is hit by Mika Zibanejad and loses puck.
10:19 of 2nd period - Snap shot by Tyler Seguin.
10:19 of 2nd period - Shot Misses the Net.
10:21 of 2nd period - Slapshot by Ryan Murray.
10:21 of 2nd period - Stopped by Robin Lehner without a rebound.
10:22 of 2nd period - Jean-Gabriel Pageau wins face-off versus Ryan Johansen in Canadiens zone.
10:22 of 2nd period - Jean-Gabriel Pageau is hit by Viktor Arvidsson.
10:56 of 2nd period - Minor Penalty to Viktor Arvidsson for Slashing.
10:57 of 2nd period - Tyler Seguin wins face-off versus Mika Zibanejad in Jets zone.
10:57 of 2nd period - Tyler Seguin is hit by Kevin Shattenkirk.
11:23 of 2nd period - Frank Vatrano is hit by Rickard Rakell and loses puck.
11:28 of 2nd period - Wrist shot by Greg Stewart.
11:28 of 2nd period - Shot Hit the Post.
12:20 of 2nd period - Chris Kreider is hit by Ryan Johansen and loses puck.
12:56 of 2nd period - Penalty to Viktor Arvidsson is over, Viktor Arvidsson is back on ice.
13:00 of 2nd period - Mark Stuart is hit by Tyler Seguin and loses puck.
13:23 of 2nd period - Off-side.
13:24 of 2nd period - Noel Acciari wins face-off versus Mike Richards in neutral zone.
14:01 of 2nd period - Slapshot by Max Domi.
14:01 of 2nd period - Stopped by Robin Lehner with a rebound.
15:00 of 2nd period - Jordan Szwarz is hit by Viktor Arvidsson and loses puck.
15:17 of 2nd period - Snap shot by Alex Galchenyuk.
15:17 of 2nd period - Stopped by Robin Lehner without a rebound.
15:18 of 2nd period - Jean-Gabriel Pageau wins face-off versus Tyler Seguin in Canadiens zone.
15:23 of 2nd period - Marco Scandella is hit by Greg Stewart and loses puck.
15:30 of 2nd period - Slapshot by Marco Scandella.
15:30 of 2nd period - Stopped by Robin Lehner without a rebound.
15:31 of 2nd period - Ryan Johansen wins face-off versus Mika Zibanejad in Canadiens zone.
15:57 of 2nd period - Tyler Toffoli is hit by Jean-Gabriel Pageau and loses puck.
16:06 of 2nd period - Snap shot by Kevin Shattenkirk.
16:06 of 2nd period - Stopped by Jacob Markstrom with a rebound.
16:42 of 2nd period - Slapshot by Troy Stetcher.
16:42 of 2nd period - Shot Blocked by Adam Fox.
16:44 of 2nd period - Slapshot by Troy Stetcher.
16:44 of 2nd period - Shot Blocked by Chris Kreider.
16:46 of 2nd period - Snap shot by Ryan Johansen.
16:46 of 2nd period - Deflect By Max Domi.
16:46 of 2nd period - Stopped by Robin Lehner with a rebound.
16:48 of 2nd period - Wrist shot by Max Domi.
16:48 of 2nd period - Stopped by Robin Lehner without a rebound.
16:49 of 2nd period - Tyler Seguin wins face-off versus Jean-Gabriel Pageau in Canadiens zone.
16:52 of 2nd period - Snap shot by Tyler Seguin.
16:52 of 2nd period - Deflect By Alex Galchenyuk.
16:52 of 2nd period - Stopped by Robin Lehner without a rebound.
16:53 of 2nd period - Tyler Seguin wins face-off versus Rickard Rakell in Canadiens zone.
17:36 of 2nd period - Minor Penalty to Max Domi for Holding.
17:37 of 2nd period - Tyler Seguin wins face-off versus Mika Zibanejad in Jets zone.
17:46 of 2nd period - Slapshot by Kevin Shattenkirk.
17:46 of 2nd period - Deflect By Mika Zibanejad.
17:46 of 2nd period - Shot Misses the Net.
17:46 of 2nd period - Puck is out of play.
17:47 of 2nd period - Tyler Seguin wins face-off versus Mika Zibanejad in Jets zone.
19:09 of 2nd period - Nikita Kucherov is hit by Noel Acciari.
19:36 of 2nd period - Penalty to Max Domi is over, Max Domi is back on ice.
19:40 of 2nd period - Snap shot by Ryan Johansen.
19:40 of 2nd period - Stopped by Robin Lehner with a rebound.
19:49 of 2nd period - Icing by Mike Richards.
19:50 of 2nd period - Mike Richards wins face-off versus Noel Acciari in Canadiens zone.
19:55 of 2nd period - Sam Reinhart is hit by Mike Richards and loses puck.
Goals for this period are 1 for Canadiens vs 1 for Jets.
Shots for this period are 9 for Canadiens vs 17 for Jets.
3rd period
0:01 of 3rd period - Ryan Johansen wins face-off versus Mika Zibanejad in neutral zone.
0:22 of 3rd period - Minor Penalty to Nikita Kucherov for Holding.
0:23 of 3rd period - Ryan Johansen wins face-off versus Scott Hartnell in Canadiens zone.
0:34 of 3rd period - Snap shot by Ryan Johansen.
0:34 of 3rd period - Shot Misses the Net.
2:22 of 3rd period - Penalty to Nikita Kucherov is over, Nikita Kucherov is back on ice.
2:42 of 3rd period - Mark Stuart is hit by Alexander Wennberg and loses puck.
3:17 of 3rd period - Marco Scandella is hit by Sean Zimmerman and loses puck.
3:28 of 3rd period - Alexander Wennberg is hit by Corban Knight and loses puck.
3:56 of 3rd period - Anthony Mantha is hit by Brian Dumoulin.
4:12 of 3rd period - Snap shot by Nikita Kucherov.
4:12 of 3rd period - Shot Blocked by Brent Burns.
4:33 of 3rd period - Icing by Corban Knight.
4:34 of 3rd period - Ryan Johansen wins face-off versus Corban Knight in Canadiens zone.
4:39 of 3rd period - Snap shot by Viktor Arvidsson.
4:39 of 3rd period - Shot Misses the Net.
4:45 of 3rd period - Ryan Johansen is hit by Corban Knight and loses puck.
5:22 of 3rd period - Ryan Murray is hit by Mark Stuart.
5:28 of 3rd period - Slapshot by Alex Galchenyuk.
5:28 of 3rd period - Shot Misses the Net.
5:57 of 3rd period - Snap shot by Nikita Kucherov.
5:57 of 3rd period - Shot Misses the Net.
5:59 of 3rd period - Snap shot by Nikita Kucherov.
5:59 of 3rd period - Shot Misses the Net.
6:11 of 3rd period - Snap shot by Corban Knight.
6:11 of 3rd period - Shot Misses the Net.
6:31 of 3rd period - Wrist shot by Alex Galchenyuk.
6:31 of 3rd period - Shot Misses the Net.
6:33 of 3rd period - Wrist shot by Alex Galchenyuk.
6:33 of 3rd period - Stopped by Robin Lehner with a rebound.
6:35 of 3rd period - Wrist shot by Tyler Toffoli.
6:35 of 3rd period - Stopped by Robin Lehner without a rebound.
6:36 of 3rd period - Ryan Johansen wins face-off versus Mika Zibanejad in Canadiens zone.
6:43 of 3rd period - Snap shot by Viktor Arvidsson.
6:43 of 3rd period - Stopped by Robin Lehner without a rebound.
6:44 of 3rd period - Ryan Johansen wins face-off versus Mika Zibanejad in Canadiens zone.
6:47 of 3rd period - Slapshot by Max Domi.
6:47 of 3rd period - Stopped by Robin Lehner with a rebound.
6:49 of 3rd period - Slapshot by Dougie Hamilton.
6:49 of 3rd period - Shot Misses the Net.
6:51 of 3rd period - Snap shot by Ryan Johansen.
6:51 of 3rd period - Stopped by Robin Lehner with a rebound.
6:53 of 3rd period - Wrist shot by Dougie Hamilton.
6:53 of 3rd period - Shot Blocked by Kevin Shattenkirk.
7:01 of 3rd period - Slapshot by Viktor Arvidsson.
7:01 of 3rd period - Shot Misses the Net.
7:22 of 3rd period - Nikita Kucherov is hit by Max Domi and loses puck.
8:19 of 3rd period - Backhand shot by Viktor Arvidsson.
8:19 of 3rd period - Shot Misses the Net.
8:21 of 3rd period - Slapshot by Ryan Murray.
8:21 of 3rd period - Stopped by Robin Lehner without a rebound.
8:22 of 3rd period - Jean-Gabriel Pageau wins face-off versus Alexander Wennberg in Canadiens zone.
8:24 of 3rd period - Minor Penalty to Rickard Rakell for Tripping.
8:25 of 3rd period - Alexander Wennberg wins face-off versus Mike Richards in Canadiens zone.
8:29 of 3rd period - Snap shot by Alex Galchenyuk.
8:29 of 3rd period - Shot Blocked by Mark Stuart.
8:31 of 3rd period - Wrist shot by Alex Galchenyuk.
8:31 of 3rd period - Deflect By Tyler Toffoli.
8:31 of 3rd period - Shot Misses the Net.
8:31 of 3rd period - Puck is out of play.
8:32 of 3rd period - Alexander Wennberg wins face-off versus Mike Richards in Canadiens zone.
8:53 of 3rd period - Backhand shot by Alex Galchenyuk.
8:53 of 3rd period - Shot Blocked by Brian Dumoulin.
8:55 of 3rd period - Wrist shot by Alex Galchenyuk.
8:55 of 3rd period - Deflect By Mark Stuart.
8:55 of 3rd period - Shot Blocked by Mark Stuart.
8:55 of 3rd period - Puck is out of play.
8:56 of 3rd period - Ryan Johansen wins face-off versus Mike Richards in Canadiens zone.
9:13 of 3rd period - Slapshot by Cam Fowler.
9:13 of 3rd period - Deflect By Troy Stetcher.
9:13 of 3rd period - Stopped by Jacob Markstrom without a rebound.
9:14 of 3rd period - Corban Knight wins face-off versus Tyler Seguin in Jets zone.
9:15 of 3rd period - Slapshot by Kevin Shattenkirk.
9:15 of 3rd period - Stopped by Jacob Markstrom with a rebound.
9:39 of 3rd period - Sean Zimmerman is hit by Ryan Johansen.
9:45 of 3rd period - Slapshot by Kevin Shattenkirk.
9:45 of 3rd period - Stopped by Jacob Markstrom with a rebound.
10:24 of 3rd period - Penalty to Rickard Rakell is over, Rickard Rakell is back on ice.
10:30 of 3rd period - Slapshot by Brent Burns.
10:30 of 3rd period - Stopped by Robin Lehner without a rebound.
10:31 of 3rd period - Jean-Gabriel Pageau wins face-off versus Alexander Wennberg in Canadiens zone.
10:31 of 3rd period - Jean-Gabriel Pageau is hit by Anthony Mantha.
10:37 of 3rd period - Snap shot by Alexander Wennberg.
10:37 of 3rd period - Shot Blocked by Greg Stewart.
10:47 of 3rd period - Snap shot by Sean Zimmerman.
10:47 of 3rd period - Stopped by Jacob Markstrom without a rebound.
10:48 of 3rd period - Ryan Johansen wins face-off versus Mika Zibanejad in Jets zone.
10:50 of 3rd period - Minor Penalty to Max Domi for Hooking.
10:51 of 3rd period - Mika Zibanejad wins face-off versus Tyler Seguin in Jets zone.
11:23 of 3rd period - Rickard Rakell is hit by Noel Acciari and loses puck.
11:29 of 3rd period - Off-side.
11:30 of 3rd period - Noel Acciari wins face-off versus Jean-Gabriel Pageau in neutral zone.
12:25 of 3rd period - Backhand shot by Greg Stewart.
12:25 of 3rd period - Shot Blocked by Ryan Murray.
12:41 of 3rd period - Wrist shot by Rickard Rakell.
12:41 of 3rd period - Stopped by Jacob Markstrom without a rebound.
12:42 of 3rd period - Mika Zibanejad wins face-off versus Tyler Seguin in Jets zone.
12:49 of 3rd period - Slapshot by Nikita Kucherov.
12:49 of 3rd period - Stopped by Jacob Markstrom without a rebound.
12:50 of 3rd period - Penalty to Max Domi is over, Max Domi is back on ice.
12:50 of 3rd period - Mika Zibanejad wins face-off versus Ryan Johansen in Jets zone.
12:57 of 3rd period - Snap shot by Mika Zibanejad.
12:57 of 3rd period - Stopped by Jacob Markstrom with a rebound.
12:59 of 3rd period - Slapshot by Mika Zibanejad.
12:59 of 3rd period - Shot Misses the Net.
13:05 of 3rd period - Snap shot by Nikita Kucherov.
13:05 of 3rd period - Deflect By Mika Zibanejad.
13:05 of 3rd period - Shot Blocked by Ryan Murray.
13:05 of 3rd period - Puck is out of play.
13:06 of 3rd period - Tyler Seguin wins face-off versus Mike Richards in Jets zone.
13:15 of 3rd period - Kevin Shattenkirk is hit by Tyler Seguin and loses puck.
13:32 of 3rd period - Viktor Arvidsson is hit by Nikita Kucherov and loses puck.
13:43 of 3rd period - Slapshot by Chris Kreider.
13:43 of 3rd period - Shot Blocked by Ryan Johansen.
13:54 of 3rd period - Icing by Viktor Arvidsson.
13:55 of 3rd period - Alexander Wennberg wins face-off versus Corban Knight in Jets zone.
13:55 of 3rd period - Alexander Wennberg is hit by Brandon Bollig.
14:45 of 3rd period - Snap shot by Max Domi.
14:45 of 3rd period - Shot Misses the Net.
15:36 of 3rd period - Cam Fowler is hit by Alexander Wennberg and loses puck.
16:18 of 3rd period - Snap shot by Viktor Arvidsson.
16:18 of 3rd period - Shot Blocked by Brian Dumoulin.
16:42 of 3rd period - Icing by Troy Stetcher.
16:43 of 3rd period - Noel Acciari wins face-off versus Mika Zibanejad in Jets zone.
16:56 of 3rd period - Slapshot by Sam Reinhart.
16:56 of 3rd period - Shot Blocked by Mark Stuart.
17:14 of 3rd period - Snap shot by Noel Acciari.
17:14 of 3rd period - Shot Misses the Net.
17:34 of 3rd period - Snap shot by Frank Vatrano.
17:34 of 3rd period - Stopped by Robin Lehner with a rebound.
17:36 of 3rd period - Wrist shot by Frank Vatrano.
17:36 of 3rd period - Shot Hit the Post.
17:38 of 3rd period - Slapshot by Brent Burns.
17:38 of 3rd period - Shot Hit the Post.
17:40 of 3rd period - Slapshot by Troy Stetcher.
17:40 of 3rd period - Stopped by Robin Lehner with a rebound.
17:42 of 3rd period - Slapshot by Troy Stetcher.
17:42 of 3rd period - Shot Blocked by Adam Fox.
17:44 of 3rd period - Snap shot by Troy Stetcher.
17:44 of 3rd period - Stopped by Robin Lehner with a rebound.
17:46 of 3rd period - Slapshot by Troy Stetcher.
17:46 of 3rd period - Shot Blocked by Mark Stuart.
17:48 of 3rd period - Wrist shot by Frank Vatrano.
17:48 of 3rd period - Deflect By Nikita Kucherov.
17:48 of 3rd period - Shot Misses the Net.
17:48 of 3rd period - Puck is out of play.
17:49 of 3rd period - Scott Hartnell wins face-off versus Alexander Wennberg in Canadiens zone.
17:49 of 3rd period - Scott Hartnell is hit by Alexander Wennberg.
18:40 of 3rd period - Backhand shot by Kevin Shattenkirk.
18:40 of 3rd period - Stopped by Jacob Markstrom with a rebound.
18:42 of 3rd period - Snap shot by Mattias Tedenby.
18:42 of 3rd period - Shot Blocked by Tyler Seguin.
18:44 of 3rd period - Slapshot by Cam Fowler.
18:44 of 3rd period - Stopped by Jacob Markstrom without a rebound.
18:45 of 3rd period - Mike Richards wins face-off versus Alexander Wennberg in Jets zone.
18:53 of 3rd period - Minor Penalty to Marco Scandella for Holding Stick.
18:54 of 3rd period - Tyler Seguin wins face-off versus Mika Zibanejad in Jets zone.
19:22 of 3rd period - Slapshot by Kevin Shattenkirk.
19:22 of 3rd period - Shot Blocked by Frank Vatrano.
19:24 of 3rd period - Snap shot by Rickard Rakell.
19:24 of 3rd period - Stopped by Jacob Markstrom without a rebound.
19:25 of 3rd period - Noel Acciari wins face-off versus Jean-Gabriel Pageau in Jets zone.
19:50 of 3rd period - Mark Stuart is hit by Anthony Mantha and loses puck.
Goals for this period are 0 for Canadiens vs 0 for Jets.
Shots for this period are 10 for Canadiens vs 10 for Jets.
Overtime #1
0:01 of 1st overtime period - Tyler Seguin wins face-off versus Nikita Kucherov in neutral zone.
0:28 of 1st overtime period - Snap shot by Greg Stewart.
0:28 of 1st overtime period - Stopped by Jacob Markstrom without a rebound.
0:29 of 1st overtime period - Tyler Seguin wins face-off versus Jean-Gabriel Pageau in Jets zone.
0:53 of 1st overtime period - Penalty to Marco Scandella is over, Marco Scandella is back on ice.
1:04 of 1st overtime period - Wrist shot by Jordan Szwarz.
1:04 of 1st overtime period - Shot Misses the Net.
1:06 of 1st overtime period - Snap shot by Scott Hartnell.
1:06 of 1st overtime period - Shot Misses the Net.
1:08 of 1st overtime period - Snap shot by Jordan Szwarz.
1:08 of 1st overtime period - Stopped by Jacob Markstrom without a rebound.
1:09 of 1st overtime period - Ryan Johansen wins face-off versus Jean-Gabriel Pageau in Jets zone.
1:11 of 1st overtime period - Minor Penalty to Marco Scandella for High sticking.
1:12 of 1st overtime period - Mika Zibanejad wins face-off versus Tyler Seguin in Jets zone.
1:16 of 1st overtime period - Snap shot by Nikita Kucherov.
1:16 of 1st overtime period - Shot Misses the Net.
1:18 of 1st overtime period - Wrist shot by Adam Fox.
1:18 of 1st overtime period - Deflect By Ryan Murray.
1:18 of 1st overtime period - Goal by Adam Fox - Canadiens : 2 - Jets : 1.
Goals for this period are 1 for Canadiens vs 0 for Jets.
Shots for this period are 3 for Canadiens vs 0 for Jets.